[ AOE2 MATCH · #495300052 ]
UnrankedBulgarians vs Berbers
Player's team · WIN
Rival team · LOSS
[ REPLAY ANALYSIS · EXTRACTED FROM THE RECORDED GAME ]
Feudal
10:16
Castle
19:47
Imperial
—
| APM avg | 64.4 |
| APM peak | 103 |
| eAPM avg | 25.4 |
| Villagers / military | 116 / 82 |
Focus
⚔️ 36.6% · 🌾 63.4%
Knight ×37 · Skirmisher ×17 · Cavalry Archer ×17 · Archer ×3 · Mangonel ×3 · Militia ×2
Feudal
8:54
Castle
21:28
Imperial
—
| APM avg | 70.3 |
| APM peak | 123 |
| eAPM avg | 40.2 |
| Villagers / military | 133 / 77 |
Focus
⚔️ 66.4% · 🌾 33.6%
Knight ×35 · Archer ×17 · Mangonel ×9 · Skirmisher ×6 · Camel Scout ×5 · Battering Ram ×3
Match map
Initial resources + every placement click. Lines = walls · curves = elevation contours. ◆ gold · ⬟ stone · ● berries · ✦ relic · ◌ wall gap
Your base· ✓ Closed at 19:47 · 26t walls · 2 gate(s)
PNLN | PG9's base· Open — unwalled flank
Smoothed initial terrain · ◌ = detected wall gap · hover for details
Inputs per minute
— Taeyoon - - PNLN | PG9
Build order — Taeyoon
First 150 of 328 actions detected
| 0:00 | Queue | Villager (Male) |
| 0:01 | Queue | Villager (Male) |
| 0:02 | Build | House |
| 0:02 | Queue | Villager (Male) |
| 0:03 | Build | House |
| 0:06 | Queue | Villager (Male) |
| 0:06 | Queue | Villager (Male) |
| 1:25 | Queue | Villager (Male) |
| 1:25 | Queue | Villager (Male) |
| 2:01 | Queue | Villager (Male) |
| 2:01 | Queue | Villager (Male) |
| 2:20 | Queue | Villager (Male) |
| 2:20 | Queue | Villager (Male) |
| 2:45 | Queue | Villager (Male) |
| 2:45 | Queue | Villager (Male) |
| 3:12 | Build | Barracks |
| 3:14 | Queue | Villager (Male) |
| 3:15 | Queue | Villager (Male) |
| 3:16 | Queue | Villager (Male) |
| 3:16 | Queue | Villager (Male) |
| 4:04 | Queue | Villager (Male) |
| 4:05 | Build | House |
| 4:20 | Queue | Militia |
| 4:25 | Queue | Villager (Male) |
| 4:29 | Build | Palisade Wall |
| 4:31 | Build | House |
| 4:54 | Queue | Villager (Male) |
| 4:56 | Queue | Militia |
| 5:14 | Queue | Villager (Male) |
| 5:48 | Queue | Villager (Male) |
| 5:56 | Build | Lumber Camp |
| 6:06 | Queue | Villager (Male) |
| 6:20 | Queue | Villager (Male) |
| 6:21 | Queue | Villager (Male) |
| 6:23 | Queue | Villager (Male) |
| 6:24 | Research | Loom |
| 7:34 | Queue | Villager (Male) |
| 7:46 | Build | Mill |
| 8:06 | Research | Feudal Age |
| 8:06 | Research | Feudal Age |
| 9:02 | Queue | Villager (Male) |
| 9:04 | Build | Mining Camp |
| 9:27 | Build | Palisade Wall |
| 10:16 | Age | Feudal Age |
| 10:18 | Queue | Villager (Male) |
| 10:20 | Build | Mill |
| 10:28 | Queue | Villager (Male) |
| 10:29 | Research | Double-Bit Axe |
| 10:31 | Build | Archery Range |
| 10:41 | Build | House |
| 11:07 | Build | Farm |
| 11:12 | Build | Farm |
| 11:16 | Build | House |
| 11:19 | Build | Palisade Gate |
| 11:20 | Build | House |
| 11:25 | Queue | Archer |
| 11:26 | Queue | Villager (Male) |
| 11:34 | Build | Palisade Wall |
| 11:39 | Build | Farm |
| 11:52 | Build | House |
| 11:53 | Queue | Villager (Male) |
| 11:55 | Queue | Skirmisher |
| 11:58 | Queue | Villager (Male) |
| 12:17 | Build | Farm |
| 12:29 | Build | Palisade Wall |
| 12:30 | Queue | Villager (Male) |
| 12:35 | Queue | Skirmisher |
| 12:45 | Queue | Archer |
| 12:52 | Build | Farm |
| 13:04 | Queue | Villager (Male) |
| 13:08 | Build | House |
| 13:12 | Build | Farm |
| 13:18 | Queue | Archer |
| 13:40 | Queue | Villager (Male) |
| 13:47 | Build | House |
| 14:03 | Build | Blacksmith |
| 14:07 | Queue | Villager (Male) |
| 14:18 | Build | Farm |
| 14:31 | Queue | Villager (Male) |
| 14:38 | Build | Farm |
| 14:53 | Build | Farm |
| 14:58 | Build | Palisade Wall |
| 15:01 | Build | Palisade Wall |
| 15:06 | Build | Farm |
| 15:14 | Queue | Villager (Male) |
| 15:14 | Queue | Villager (Male) |
| 15:19 | Build | Farm |
| 15:42 | Build | Farm |
| 15:55 | Build | Farm |
| 16:07 | Queue | Villager (Male) |
| 16:10 | Build | Farm |
| 16:37 | Build | Farm |
| 16:38 | Queue | Villager (Male) |
| 17:05 | Queue | Villager (Male) |
| 17:07 | Research | Castle Age |
| 17:08 | Research | Castle Age |
| 17:11 | Build | Archery Range |
| 17:29 | Build | Lumber Camp |
| 17:37 | Research | Padded Archer Armor |
| 17:38 | Research | Fletching |
| 17:40 | Queue | Skirmisher |
| 17:56 | Build | Farm |
| 18:02 | Research | Horse Collar |
| 18:12 | Queue | Skirmisher |
| 18:12 | Queue | Skirmisher |
| 18:18 | Build | Palisade Wall |
| 18:25 | Queue | Skirmisher |
| 18:25 | Queue | Skirmisher |
| 18:28 | Queue | Skirmisher |
| 18:49 | Build | House |
| 18:59 | Build | Farm |
| 19:14 | Build | Palisade Gate |
| 19:22 | Queue | Spearman |
| 19:45 | Build | House |
| 19:47 | Age | Castle Age |
| 19:51 | Research | Bodkin Arrow |
| 19:55 | Queue | Villager (Male) |
| 20:05 | Queue | Villager (Male) |
| 20:15 | Queue | Villager (Male) |
| 20:19 | Research | Bow Saw |
| 20:21 | Build | Town Center |
| 20:23 | Queue | Skirmisher |
| 20:49 | Queue | Villager (Male) |
| 21:06 | Queue | Villager (Male) |
| 21:10 | Queue | Cavalry Archer |
| 21:10 | Queue | Cavalry Archer |
| 21:20 | Queue | Villager (Male) |
| 21:28 | Queue | Cavalry Archer |
| 21:42 | Queue | Villager (Male) |
| 21:44 | Queue | Skirmisher |
| 21:44 | Queue | Skirmisher |
| 22:09 | Queue | Villager (Male) |
| 22:10 | Queue | Villager (Male) |
| 22:11 | Build | Farm |
| 22:12 | Build | Farm |
| 22:13 | Queue | Villager (Male) |
| 22:13 | Queue | Villager (Male) |
| 22:20 | Build | Town Center |
| 22:22 | Queue | Skirmisher |
| 22:22 | Queue | Skirmisher |
| 22:28 | Queue | Cavalry Archer |
| 22:28 | Queue | Cavalry Archer |
| 22:40 | Build | House |
| 22:46 | Queue | Villager (Male) |
| 22:47 | Queue | Villager (Male) |
| 23:16 | Queue | Villager (Male) |
| 23:18 | Research | Elite Skirmisher (upgrade) |
| 23:25 | Queue | Skirmisher |
| 23:25 | Queue | Skirmisher |
| 23:35 | Build | Siege Workshop |
Build order — PNLN | PG9
First 150 of 326 actions detected
| 0:01 | Queue | Villager (Male) |
| 0:01 | Queue | Villager (Male) |
| 0:01 | Queue | Villager (Male) |
| 0:02 | Build | House |
| 0:03 | Build | House |
| 0:07 | Queue | Villager (Male) |
| 1:31 | Queue | Villager (Male) |
| 1:36 | Build | Mill |
| 2:03 | Queue | Villager (Male) |
| 2:03 | Queue | Villager (Male) |
| 2:26 | Queue | Villager (Male) |
| 2:26 | Queue | Villager (Male) |
| 2:27 | Queue | Villager (Male) |
| 2:53 | Queue | Villager (Male) |
| 2:54 | Queue | Villager (Male) |
| 3:09 | Queue | Villager (Male) |
| 3:35 | Build | House |
| 3:37 | Queue | Villager (Male) |
| 3:43 | Queue | Villager (Male) |
| 4:14 | Queue | Villager (Male) |
| 4:14 | Queue | Villager (Male) |
| 4:45 | Queue | Villager (Male) |
| 5:10 | Queue | Villager (Male) |
| 5:25 | Build | Lumber Camp |
| 5:32 | Queue | Villager (Male) |
| 5:35 | Research | Loom |
| 6:44 | Research | Feudal Age |
| 6:44 | Research | Feudal Age |
| 6:59 | Build | Palisade Wall |
| 7:01 | Build | Palisade Wall |
| 7:04 | Build | Palisade Wall |
| 7:18 | Queue | Villager (Male) |
| 7:34 | Build | Mining Camp |
| 7:51 | Build | House |
| 8:22 | Build | Barracks |
| 8:38 | Queue | Villager (Male) |
| 8:54 | Age | Feudal Age |
| 9:18 | Build | Archery Range |
| 9:38 | Research | Double-Bit Axe |
| 9:38 | Research | Double-Bit Axe |
| 9:55 | Queue | Villager (Male) |
| 10:00 | Queue | Archer |
| 10:06 | Queue | Villager (Male) |
| 10:19 | Queue | Villager (Male) |
| 10:21 | Build | Mill |
| 10:27 | Queue | Villager (Male) |
| 10:36 | Queue | Archer |
| 11:07 | Queue | Archer |
| 11:08 | Queue | Villager (Male) |
| 11:08 | Queue | Villager (Male) |
| 11:14 | Build | House |
| 11:23 | Build | House |
| 11:24 | Build | Palisade Wall |
| 11:29 | Queue | Villager (Male) |
| 11:31 | Build | Palisade Wall |
| 11:37 | Build | Farm |
| 11:39 | Queue | Villager (Male) |
| 11:45 | Queue | Archer |
| 11:54 | Queue | Villager (Male) |
| 12:06 | Build | Palisade Wall |
| 12:21 | Build | Farm |
| 12:22 | Queue | Villager (Male) |
| 13:02 | Queue | Villager (Male) |
| 13:02 | Queue | Villager (Male) |
| 13:05 | Build | Farm |
| 13:27 | Build | Farm |
| 13:37 | Build | Farm |
| 13:47 | Queue | Villager (Male) |
| 13:51 | Build | House |
| 13:51 | Build | House |
| 13:58 | Queue | Archer |
| 14:26 | Queue | Villager (Male) |
| 14:26 | Queue | Villager (Male) |
| 14:30 | Queue | Skirmisher |
| 14:30 | Queue | Skirmisher |
| 14:31 | Build | Blacksmith |
| 14:31 | Queue | Villager (Male) |
| 14:32 | Queue | Villager (Male) |
| 15:02 | Queue | Skirmisher |
| 15:02 | Queue | Villager (Male) |
| 15:05 | Build | Stable |
| 15:15 | Research | Fletching |
| 15:15 | Research | Fletching |
| 15:16 | Queue | Villager (Male) |
| 15:23 | Build | House |
| 15:34 | Queue | Skirmisher |
| 15:37 | Queue | Archer |
| 15:41 | Queue | Villager (Male) |
| 15:43 | Build | Farm |
| 16:03 | Queue | Scout Cavalry |
| 16:15 | Queue | Archer |
| 16:22 | Queue | Archer |
| 16:26 | Queue | Villager (Male) |
| 16:27 | Build | House |
| 16:29 | Queue | Archer |
| 16:34 | Queue | Villager (Male) |
| 16:35 | Build | Farm |
| 16:36 | Build | Farm |
| 16:56 | Queue | Villager (Male) |
| 17:02 | Queue | Scout Cavalry |
| 17:12 | Queue | Archer |
| 17:13 | Queue | Villager (Male) |
| 17:16 | Build | Farm |
| 17:17 | Queue | Villager (Male) |
| 17:21 | Build | Market |
| 17:32 | Build | House |
| 17:33 | Build | House |
| 17:58 | Queue | Villager (Male) |
| 18:00 | Build | House |
| 18:14 | Build | Farm |
| 18:27 | Build | House |
| 18:27 | Build | Palisade Wall |
| 18:48 | Research | Castle Age |
| 18:48 | Research | Castle Age |
| 18:58 | Queue | Skirmisher |
| 18:58 | Queue | Skirmisher |
| 19:12 | Queue | Archer |
| 19:13 | Queue | Archer |
| 19:28 | Build | Archery Range |
| 19:37 | Research | Padded Archer Armor |
| 20:07 | Queue | Archer |
| 20:07 | Queue | Archer |
| 20:10 | Build | Farm |
| 20:12 | Build | Farm |
| 20:24 | Build | House |
| 20:31 | Research | Bloodlines |
| 20:31 | Research | Bloodlines |
| 20:36 | Build | Farm |
| 20:37 | Research | Horse Collar |
| 20:37 | Research | Horse Collar |
| 20:44 | Build | Farm |
| 20:47 | Queue | Archer |
| 20:49 | Build | Farm |
| 20:57 | Build | House |
| 21:13 | Queue | Villager (Male) |
| 21:17 | Build | Lumber Camp |
| 21:28 | Age | Castle Age |
| 21:29 | Queue | Knight |
| 21:45 | Queue | Villager (Male) |
| 21:50 | Queue | Knight |
| 22:00 | Build | Farm |
| 22:01 | Build | Farm |
| 22:21 | Build | Palisade Wall |
| 22:34 | Queue | Villager (Male) |
| 22:35 | Research | Bodkin Arrow |
| 22:35 | Research | Bodkin Arrow |
| 22:49 | Build | Siege Workshop |
| 22:58 | Queue | Knight |
| 23:14 | Queue | Archer |
| 23:17 | Build | Farm |
Match timeline
| 3:12 | Taeyoon · first_building Barracks |
| 4:29 | Taeyoon · wall_segment Palisade Wall x1 |
| 6:59 | PNLN | PG9 · wall_segment Palisade Wall x1 |
| 7:01 | PNLN | PG9 · wall_segment Palisade Wall x2 |
| 7:04 | PNLN | PG9 · wall_segment Palisade Wall x1 |
| 8:22 | PNLN | PG9 · first_building Barracks |
| 8:54 | PNLN | PG9 · age_up feudal |
| 9:18 | PNLN | PG9 · first_building Archery Range |
| 9:27 | Taeyoon · wall_segment Palisade Wall x3 |
| 10:16 | Taeyoon · age_up feudal |
| 10:31 | Taeyoon · first_building Archery Range |
| 11:24 | PNLN | PG9 · wall_segment Palisade Wall x3 |
| 11:31 | PNLN | PG9 · wall_segment Palisade Wall x6 |
| 11:34 | Taeyoon · wall_segment Palisade Wall x3 |
| 12:06 | PNLN | PG9 · wall_segment Palisade Wall x1 |
| 12:29 | Taeyoon · wall_segment Palisade Wall x9 |
| 14:58 | Taeyoon · wall_segment Palisade Wall x4 |
| 15:01 | Taeyoon · wall_segment Palisade Wall x3 |
| 15:05 | PNLN | PG9 · first_building Stable |
| 18:18 | Taeyoon · wall_segment Palisade Wall x3 |
| 18:27 | PNLN | PG9 · wall_segment Palisade Wall x12 |
| 18:34 | PNLN | PG9 · first_market_buy 100 food |
| 18:37 | PNLN | PG9 · first_market_sell 100 wood |
| 19:47 | Taeyoon · age_up castle |
| 21:28 | PNLN | PG9 · age_up castle |
| 22:21 | PNLN | PG9 · wall_segment Palisade Wall x5 |
| 22:49 | PNLN | PG9 · first_building Siege Workshop |
| 23:35 | Taeyoon · first_building Siege Workshop |
| 23:56 | Taeyoon · first_building Stable |
| 30:33 | Taeyoon · first_building Monastery |
| 32:06 | Taeyoon · first_market_sell 100 wood |
| 34:41 | Taeyoon · first_building Castle |
| 34:57 | PNLN | PG9 · resign |
[ AI ANALYSIS · 1 CREDIT ]
What really happened in this match?
Wolo.gg analyzes every decision: build order, eco, micro, common mistakes by bracket. Personalized analysis on WhatsApp or Discord in 30 seconds.
Civ guide
Bulgarians
Perfil
Jugador #1691357